PL
PANAMA CITY PIRANHAS @ BOSTON PATRIOTS
09/02/2026
 
TOP OF THE 1ST
Panama City Piranhas batting - Pitching for Boston Patriots : RHP Jorge Aguirre
Pitching: RHP Jorge Aguirre
Batting: RHB Juan Jose Ayala 0-0: Ground out 1-3 (Groundball, 15S)
Batting: LHB Herman Hayes 0-0: Ball
1-0: Fly out, F8 (Flyball, 78XD)
Batting: SHB Tsing Guao 0-0: Called Strike
0-1: Ground out 1-3 (Groundball, 15S)
Top of the 1st over - 0 run(s), 0 hit(s), 0 error(s), 0 left on base; Panama City 0 - Boston 0
BOTTOM OF THE 1ST
Boston Patriots batting - Pitching for Panama City Piranhas : RHP John Dempsey
Pitching: RHP John Dempsey
Batting: RHB Brent Ryan 0-0: Foul Ball, location: 2F
0-1: Foul Ball, location: 2F
0-2: Foul Ball, location: 2F
0-2: Ball
1-2: Fly out, F7 (Flyball, 78D)
Batting: RHB Tommy Jones 0-0: Ball
1-0: Called Strike
1-1: Called Strike
1-2: Ball
2-2: Strikes out looking
Batting: RHB Terry Armstrong 0-0: Ground out 6-3 (Groundball, 6M)
Bottom of the 1st over - 0 run(s), 0 hit(s), 0 error(s), 0 left on base; Panama City 0 - Boston 0
TOP OF THE 2ND
Panama City Piranhas batting - Pitching for Boston Patriots : RHP Jorge Aguirre
Batting: RHB David Sánchez 0-0: Ball
1-0: Called Strike
1-1: Called Strike
1-2: Strikes out swinging
Batting: SHB Marc Talamante 0-0: Fly out, F8 (Flyball, 78M)
Batting: LHB Robert Adams 0-0: Called Strike
0-1: Called Strike
0-2: Ball
1-2: Strikes out looking
Top of the 2nd over - 0 run(s), 0 hit(s), 0 error(s), 0 left on base; Panama City 0 - Boston 0
BOTTOM OF THE 2ND
Boston Patriots batting - Pitching for Panama City Piranhas : RHP John Dempsey
Batting: RHB Tamasaburo Kato 0-0: Called Strike
0-1: Foul Ball, location: 2F
0-2: Ball
1-2: Ball
2-2: Strikes out swinging, 2-3 out at first.
Batting: LHB Timmy Appeldoorn 0-0: SINGLE (Line Drive, 56D)
Batting: LHB Bill Chambers 0-0: Ball
1-0: Ball
2-0: Ball
3-0: Called Strike
3-1: Swinging Strike
3-2: Foul Ball, location: 2F
3-2: Reached on error, E5 (Groundball, 56S)
Timmy Appeldoorn to third
Batting: RHB Miguel Márquez 0-0: Called Strike
0-1: SINGLE (Line Drive, 6D)
Timmy Appeldoorn scores
Bill Chambers to third
Runner from 3rd tries for Home, SAFE, no throw
Batting: LHB Alberto Enríquez 0-0: Ball
1-0: Foul Ball, location: 2F
1-1: Grounds into double play, 4-6-3 (Groundball, 4)
Bottom of the 2nd over - 2 run(s), 2 hit(s), 1 error(s), 0 left on base; Panama City 0 - Boston 2
TOP OF THE 3RD
Panama City Piranhas batting - Pitching for Boston Patriots : RHP Jorge Aguirre
Batting: RHB Tim Barnes 0-0: Ball
1-0: Ball
2-0: Foul Ball, location: 2F
2-1: Foul Ball, location: 2F
2-2: SINGLE (Groundball, 34S) (infield hit)
Batting: RHB Baldomero Avino 0-0: Swinging Strike
0-1: SINGLE (Line Drive, 78S)
Tim Barnes to second
Batting: RHB Armando Alvarado 0-0: Foul Ball, location: 2F
0-1: Fielders Choice at 2nd, 6-4 (Groundball, 56)
Tim Barnes to third
Batting: RHB Juan Jose Ayala 0-0: Called Strike
0-1: Swinging Strike
0-2: Ball
1-2: Ball
2-2: Strikes out swinging
Batting: LHB Herman Hayes 0-0: Swinging Strike
0-1: Ball
1-1: Ball
2-1: Called Strike
2-2: Ball
3-2: Strikes out swinging
Top of the 3rd over - 0 run(s), 2 hit(s), 0 error(s), 2 left on base; Panama City 0 - Boston 2
BOTTOM OF THE 3RD
Boston Patriots batting - Pitching for Panama City Piranhas : RHP John Dempsey
Batting: RHB Gabriel Maldonado 0-0: Foul Ball, location: 2F
0-1: Ground out 6-3 (Groundball, 6)
Batting: RHB Brent Ryan 0-0: Foul Ball, location: 2F
0-1: Ball
1-1: Called Strike
1-2: Ball
2-2: Ground out 4-3 (Groundball, 4)
Batting: RHB Tommy Jones 0-0: Foul Ball, location: 2F
0-1: Ball
1-1: Ball
2-1: Foul Ball, location: 2F
2-2: Ground out 6-3 (Groundball, 6)
Bottom of the 3rd over - 0 run(s), 0 hit(s), 0 error(s), 0 left on base; Panama City 0 - Boston 2
TOP OF THE 4TH
Panama City Piranhas batting - Pitching for Boston Patriots : RHP Jorge Aguirre
Batting: SHB Tsing Guao 0-0: Ball
1-0: Ball
2-0: SINGLE (Line Drive, 56)
Batting: RHB David Sánchez 0-0: Fly out, F7 (Line Drive, 78M)
Batting: SHB Marc Talamante 0-0: Foul Ball, location: 2F
0-1: Fly out, F6 (Line Drive, 6M)
Batting: LHB Robert Adams 0-0: Ball
1-0: Foul Ball, location: 2F
1-1: Ball
2-1: Foul Ball, location: 2F
2-2: Foul Ball, location: 2F
2-2: SINGLE (Line Drive, 9LS)
Tsing Guao to second
Batting: RHB Tim Barnes 0-0: Foul Ball, location: 2F
0-1: Ball
1-1: Fielders Choice at 2nd, 6-4 (Groundball, 6)
Top of the 4th over - 0 run(s), 2 hit(s), 0 error(s), 1 left on base; Panama City 0 - Boston 2
BOTTOM OF THE 4TH
Boston Patriots batting - Pitching for Panama City Piranhas : RHP John Dempsey
Batting: RHB Terry Armstrong 0-0: Foul Ball, location: 2F
0-1: Ball
1-1: Fly out, F9 (Flyball, 9)
Batting: RHB Tamasaburo Kato 0-0: Called Strike
0-1: Ball
1-1: DOUBLE (Line Drive, 89XD)
Batting: LHB Timmy Appeldoorn 0-0: Swinging Strike
0-1: Ball
1-1: Foul Ball, location: 2F
1-2: Foul Ball, location: 2F
1-2: Ball
2-2: Foul Ball, location: 2F
2-2: Strikes out swinging
Batting: LHB Bill Chambers 0-0: Ball
1-0: Called Strike
1-1: Ball
2-1: DOUBLE (Line Drive, 9LM)
Tamasaburo Kato scores
Batting: RHB Miguel Márquez 0-0: Called Strike
0-1: Foul Ball, location: 2F
0-2: Ball
1-2: Foul Ball, location: 2F
1-2: Ground out 4-3 (Groundball, 4)
Bottom of the 4th over - 1 run(s), 2 hit(s), 0 error(s), 1 left on base; Panama City 0 - Boston 3
TOP OF THE 5TH
Panama City Piranhas batting - Pitching for Boston Patriots : RHP Jorge Aguirre
Batting: RHB Baldomero Avino 0-0: Ball
1-0: Swinging Strike
1-1: Swinging Strike
1-2: Ball
2-2: Ball
3-2: Ground out 6-3 (Groundball, 6)
Batting: RHB Armando Alvarado 0-0: Called Strike
0-1: Foul Ball, location: 2F
0-2: Ball
1-2: Ball
2-2: Ball
3-2: Strikes out swinging
Batting: RHB Juan Jose Ayala 0-0: Ball
1-0: Fly out, F9 (Line Drive, 9)
Top of the 5th over - 0 run(s), 0 hit(s), 0 error(s), 0 left on base; Panama City 0 - Boston 3
BOTTOM OF THE 5TH
Boston Patriots batting - Pitching for Panama City Piranhas : RHP John Dempsey
Batting: LHB Alberto Enríquez 0-0: Foul Ball, location: 2F
0-1: Ball
1-1: Foul Ball, location: 2F
1-2: Ball
2-2: Ball
3-2: Ground out 5-3 (Groundball, 56S)
Batting: RHB Gabriel Maldonado 0-0: Ball
1-0: Swinging Strike
1-1: Foul Ball, location: 2F
1-2: Strikes out swinging
Batting: RHB Brent Ryan 0-0: Single, Error in OF, E7, batter to second base
Batting: RHB Tommy Jones 0-0: Called Strike
0-1: Swinging Strike
0-2: Ball
1-2: Strikes out looking
Bottom of the 5th over - 0 run(s), 1 hit(s), 1 error(s), 1 left on base; Panama City 0 - Boston 3
TOP OF THE 6TH
Panama City Piranhas batting - Pitching for Boston Patriots : RHP Jorge Aguirre
Batting: LHB Herman Hayes 0-0: Foul Ball, location: 2F
0-1: SINGLE (Line Drive, 7S)
Batting: SHB Tsing Guao 0-0: Swinging Strike
0-1: Ball
1-1: Ball
2-1: Called Strike
2-2: Strikes out swinging
Pitching: RHP Kyung-un Yi
Batting: RHB David Sánchez 0-0: Ball
1-0: Ball
2-0: Called Strike
Pickoff Throw to First - Out!
2-1: Swinging Strike
2-2: Strikes out swinging
Top of the 6th over - 0 run(s), 1 hit(s), 0 error(s), 0 left on base; Panama City 0 - Boston 3
BOTTOM OF THE 6TH
Boston Patriots batting - Pitching for Panama City Piranhas : RHP John Dempsey
Batting: RHB Terry Armstrong 0-0: Ball
1-0: Ball
2-0: Ball
3-0: Fly out, F7 (Flyball, 78S)
Batting: RHB Tamasaburo Kato 0-0: Ball
1-0: SINGLE (Groundball, 4D)
Batting: LHB Timmy Appeldoorn 0-0: Swinging Strike
0-1: Ball
1-1: Called Strike
1-2: Strikes out swinging
Batting: LHB Bill Chambers 0-0: Called Strike
0-1: Ball
1-1: Fly out, F7 (Flyball, 7S)
Bottom of the 6th over - 0 run(s), 1 hit(s), 0 error(s), 1 left on base; Panama City 0 - Boston 3
TOP OF THE 7TH
Panama City Piranhas batting - Pitching for Boston Patriots : RHP Kyung-un Yi
Batting: SHB Marc Talamante 0-0: Ball
1-0: Called Strike
1-1: Ball
2-1: Ball
3-1: Ground out 6-3 (Groundball, 6S)
Batting: LHB Robert Adams 0-0: Foul Ball, location: 2F
0-1: Swinging Strike
0-2: Strikes out looking
Batting: RHB Tim Barnes 0-0: Swinging Strike
0-1: Called Strike
0-2: Strikes out swinging
Top of the 7th over - 0 run(s), 0 hit(s), 0 error(s), 0 left on base; Panama City 0 - Boston 3
BOTTOM OF THE 7TH
Boston Patriots batting - Pitching for Panama City Piranhas : RHP John Dempsey
Batting: RHB Miguel Márquez 0-0: Called Strike
0-1: Ball
1-1: SINGLE (Line Drive, 8RS)
Batting: LHB Alberto Enríquez 0-0: Ball
1-0: Ball
2-0: Ball
3-0: Base on Balls
Miguel Márquez to second
Batting: RHB Gabriel Maldonado 0-0: Ball
1-0: Ball
2-0: Ball
3-0: Called Strike
3-1: Swinging Strike
3-2: Strikes out swinging
Pitching: RHP Tobías Pérez
Batting: RHB Brent Ryan 0-0: Grounds into double play, 4-6-3 (Groundball, 4)
Bottom of the 7th over - 0 run(s), 1 hit(s), 0 error(s), 1 left on base; Panama City 0 - Boston 3
TOP OF THE 8TH
Panama City Piranhas batting - Pitching for Boston Patriots : RHP Kyung-un Yi
Batting: RHB Baldomero Avino 0-0: Called Strike
0-1: Fly out, F9 (Flyball, 9S)
Batting: RHB Armando Alvarado 0-0: Ball
1-0: Called Strike
1-1: Swinging Strike
1-2: Ball
2-2: Ball
3-2: Base on Balls
Batting: RHB Juan Jose Ayala 0-0: Fielders Choice at 2nd, 6-4 (Groundball, 6)
Pitching: LHP Eugene Clarkston
Batting: LHB Herman Hayes 0-0: Fly out, F9 (Flyball, 89M)
Top of the 8th over - 0 run(s), 0 hit(s), 0 error(s), 1 left on base; Panama City 0 - Boston 3
BOTTOM OF THE 8TH
Boston Patriots batting - Pitching for Panama City Piranhas : RHP Tobías Pérez
Batting: RHB Tommy Jones 0-0: Ball
1-0: Ball
2-0: Called Strike
2-1: Ball
3-1: Called Strike
3-2: Base on Balls
Batting: RHB Terry Armstrong 0-0: Ball
1-0: Swinging Strike
1-1: Foul Ball, location: 2F
1-2: SINGLE (Line Drive, 9LS)
Tommy Jones to second
Batting: RHB Tamasaburo Kato 0-0: Ball
1-0: Ball
2-0: Called Strike
2-1: Foul Ball, location: 2F
2-2: Ball
3-2: Base on Balls
Tommy Jones to third
Terry Armstrong to second
Batting: LHB Timmy Appeldoorn 0-0: Ball
1-0: Foul Ball, location: 2F
1-1: Fly out, F7 (Flyball, 7LM)
Runner from 3rd tags up, OUT at HOME
Terry Armstrong to third
Tamasaburo Kato to second
Batting: LHB Bill Chambers 0-0: Ball
1-0: Swinging Strike
1-1: Foul Ball, location: 2F
1-2: Ball
2-2: Strikes out swinging
Bottom of the 8th over - 0 run(s), 1 hit(s), 0 error(s), 2 left on base; Panama City 0 - Boston 3
TOP OF THE 9TH
Panama City Piranhas batting - Pitching for Boston Patriots : LHP Eugene Clarkston
Pitching: RHP Kirby Brown
Batting: SHB Tsing Guao 0-0: Ball
1-0: Called Strike
1-1: Foul Ball, location: 2F
1-2: Ground out 6-3 (Groundball, 6)
Batting: RHB David Sánchez 0-0: Swinging Strike
0-1: SINGLE (Groundball, 34D)
Batting: SHB Marc Talamante 0-0: DOUBLE (Groundball, 3L)
David Sánchez to third
Runner from 3rd tries for Home, throw and OUT!
Batting: LHB Robert Adams 0-0: Swinging Strike
0-1: Ball
1-1: Ground out 4-3 (Groundball, 4)
Top of the 9th over - 0 run(s), 2 hit(s), 0 error(s), 1 left on base; Panama City 0 - Boston 3
Monday, March 20th, 2017 - OOTP Baseball 17.12 Build 75